 Dungeon Crawl Stone Soup version 0.29-a0-297-g7659ce593d (webtiles) character file.

Game seed: 3201004629151561967

25 Ajdolov the Vandal (level 2, 0/14 HPs)
             Began as a Spriggan Hunter on Mar 21, 2022.
             Succumbed to an adder's poison
             ... on level 1 of the Dungeon.
             The game lasted 00:01:05 (826 turns).

Ajdolov the Vandal (Spriggan Hunter)                 Turns: 826, Time: 00:01:05

Health: 0/14       AC:  2    Str:  7    XL:     2   Next: 86%
Magic:  3/3        EV: 17    Int: 10    God:
Gold:   64         SH:  0    Dex: 18    Spells: 1/1 levels left

rFire   . . .      SeeInvis +   a - +1 hunting sling
rCold   . . .      Faith    .   (no shield)
rNeg    . . .      Spirit   .   b - +0 robe
rPois   .          Reflect  .   (helmet restricted)
rElec   .          Harm     .   (no cloak)
rCorr   .          Rampage  .   (gloves unavailable)
Will    .....                   (boots unavailable)
Stlth   ++........              (no amulet)
HPRegen 0.04/turn               (no ring)
MPRegen 0.08/turn               (no ring)

@: lethally poisoned (0 -> -2), hasted, very quick
A: very small, no large weapons, unfitting armour, see invisible, speed 3
a: no special abilities


You were on level 1 of the Dungeon.
You visited 1 branch of the dungeon, and saw 2 of its levels.

You collected 64 gold pieces.

Inventory:

Hand Weapons
 a - a +1 hunting sling (weapon)
Armour
 b - a +0 robe (worn)
Scrolls
 c - a scroll of immolation
 d - a scroll of enchant weapon {unknown}
 e - a scroll of silence {unknown}
 f - a scroll of magic mapping {unknown}
 h - a scroll of holy word {unknown}
 i - a scroll of fog {unknown}
Potions
 g - a potion of might {unknown}
 k - a potion of lignification {unknown}
 l - a potion of heal wounds {unknown}


   Skills:
 - Level 1.5 Fighting
 * Level 5.6 Slings
 - Level 2.6 Dodging
 + Level 2.9 Stealth


You had one spell level left.
You didn't know any spells.
Your spell library contained the following spells:

 Spells                   Type           Power      Damage    Failure   Level
 Apportation              Tloc           0%         N/A       36%         1
 Alistair's Intoxication  Tmut/Pois      0%         N/A       100%        5


Dungeon Overview and Level Annotations

Branches:
Dungeon (2/15)

Altars:


Innate Abilities, Weirdness & Mutations

You are very small and have problems with some larger weapons.
You are too small for most types of armour.
You have supernaturally acute eyesight. (SInv)
You cover ground extremely quickly. (Speed+++)


Message History

You shoot a sling bullet.
The sling bullet barely misses the adder.
You shoot a sling bullet. The sling bullet hits the adder.
The adder is almost dead.
The adder bites you but does no damage. The adder misses you.
You shoot a sling bullet.
The sling bullet closely misses the adder.
The adder misses you.
You shoot a sling bullet.
The sling bullet barely misses the adder.
The adder closely misses you. The adder misses you.
You shoot a sling bullet.
The sling bullet barely misses the adder.
The adder barely misses you.
You shoot a sling bullet.
The sling bullet closely misses the adder.
The adder bites you.
You are poisoned.
The adder poisons you! The adder bites you.
You shoot a sling bullet.
The sling bullet barely misses the adder.
You feel very sick. The adder closely misses you. The adder bites you.
You are too injured to fight recklessly!
There is a stone staircase leading up here.
You are too injured to fight recklessly!
Fire: a) +1 hunting sling
Press: ? - help, Q - select action Shift-Dir - straight line, f/p - adder
Aim: an adder (almost dead, 44% to hit)
You shoot a sling bullet. The sling bullet misses the adder.
* * * LOW HITPOINT WARNING * * *
You feel sick. The adder bites you.
* * * LOW HITPOINT WARNING * * *
It was a potion of haste.
You feel yourself speed up.
* * * LOW HITPOINT WARNING * * *
You feel sick. The adder misses you.
* * * LOW HITPOINT WARNING * * *
You feel sick. The adder misses you.
You climb upwards.
You die...

#..................########....
#....................#....#.#.#
#...........##.....#.#.##.#....
#.......................#.####.
#######.#.#.##.................
#.#.#........#......####.
#####+#.####.##.#######......
#...........S................
#...........@................
#...................###......
#...................# #......
#...................# #......
#...................# ##....#
#...................# #....#
##...................# #....#
#...................## #....#
#...................# #.....


You could see an adder.

Vanquished Creatures
  2 dart slugs
  4 endoplasms (D:1)
  2 goblins (D:1)
  A hobgoblin (D:1)
  3 kobolds
  2 quokkas (D:1)
  A bat (D:1)
  2 frilled lizards (D:1)
  3 rats (D:1)
20 creatures vanquished.

Notes
Turn   | Place    | Note
-------+----------+-------------------------------------------
     0 | D:1      | Ajdolov the Spriggan Hunter began the quest for the Orb.
     0 | D:1      | Reached XP level 1. HP: 10/10 MP: 2/2
    51 | D:1      | Reached skill level 5 in Slings
    81 | D:1      | Reached XP level 2. HP: 14/14 MP: 3/3
   826 | D:1      | Succumbed to an adder's poison

Illustrated notes

Levels and vault maps discovered:
D:1:      lemuel_arrival_behind_the_door_small, layout_basic, serial_glass,
          glass_columns_a, glass_columns_a
D:2:      layout_basic, minmay_statues_item, uniq_robin

Skill      XL: |  1 |
---------------+----+-----
Slings         | 5 |  5.6
Stealth        | 2 |  2.9
Fighting       | |  1.5
Dodging        | |  2.6

Action                   || total
-------------------------++-------
 Fire: Hunting sling     ||    60
  Use: Potion            ||     1
Armor: Robe              ||     2
Dodge: Dodged            ||    13

Table legend: (Time is in decaauts)
 A = Elapsed time spent in this place.
 B = Non-inter-level travel time spent in this place.
 C = Inter-level travel time spent in this place.
 D = Time resting spent in this place.
 E = Time spent auto-exploring this place.
 F = Levels seen in this place.
 G = Mean time per level.
                   A        B        C        D        E       F      G
               +--------+--------+--------+--------+--------+-----+--------+
         Total |    561 |    551 |     10 |      0 |    431 |   2 |  280.5 |
       Dungeon |    561 |    551 |     10 |      0 |    431 |   2 |  280.5 |
               +--------+--------+--------+--------+--------+-----+--------+

Top non-repeatable levels by time:
     D:1: 505 daAuts
     D:2: 56 daAuts
